 Dungeon Crawl Stone Soup version 0.30-a0-613-gdd512c7efb (webtiles) character file.

Game seed: 15237737265134232014

44 oldriver the Grasshopper (level 3, -1/27 HPs)
             Began as a Formicid Wanderer on Jan 8, 2023.
             Slain by Natasha (2 damage)
             ... on level 2 of the Dungeon.
             The game lasted 00:03:52 (1714 turns).

oldriver the Grasshopper (Formicid Wanderer)        Turns: 1714, Time: 00:03:52

Health: -1/27      AC:  4    Str: 13    XL:     3   Next: 85%
Magic:  0/4        EV: 12    Int: 14    God:
Gold:   74         SH:  0    Dex: 15    Spells: 3/4 levels left

rFire   . . .      SeeInvis +    a - +0 dagger
rCold   . . .      Faith    .    (no shield)
rNeg    . . .      Spirit   .    c - +0 leather armour
rPois   .          Reflect  .    (helmet unavailable)
rElec   .          Harm     .    (no cloak)
rCorr   .          Rampage  .    d - +0 pair of gloves
Will    .....                    (no boots)
Stlth   ++                       (no amulet)
HPRegen 0.24/turn                (no ring)
MPRegen 0.09/turn                (no ring)

@: very slightly contaminated
A: permanent stasis, dig shafts and tunnels, antennae 3, four strong arms
a: Dig, Shaft Self


You were on level 2 of the Dungeon.
You visited 1 branch of the dungeon, and saw 2 of its levels.

You collected 74 gold pieces.

Inventory:

Hand Weapons
 a - a +0 dagger (weapon)
Missiles
 e - 2 boomerangs
Armour
 c - a +0 leather armour (worn)
 d - a +0 pair of gloves (worn)
Scrolls
 f - a scroll of magic mapping {unknown}
 l - a scroll of noise {unknown}
Potions
 i - a potion of haste {unknown}
 k - a potion of magic {unknown}


   Skills:
 + Level 1.7 Fighting
 - Level 2.6 Dodging
 - Level 1.2 Stealth
 - Level 1.1 Spellcasting
 + Level 1.4 Conjurations
 - Level 2.6 Translocations
 + Level 2.0 Fire Magic
 - Level 1.1 Evocations


You had 3 spell levels left.
You knew the following spells:

 Your Spells              Type           Power      Damage    Failure   Level
a - Foxfire               Conj/Fire      20%        2x1d5     16%         1

Your spell library contained the following spells:

 Spells                   Type           Power      Damage    Failure   Level
 Apportation              Tloc           16%        N/A       11%         1
 Kiss of Death            Conj/Necr      8%         2d6       24%         1
 Lesser Beckoning         Tloc           16%        N/A       32%         3
 Kindle Blastsparks       Fire/Tloc/Air  10%        2d10      45%         3
 Confusing Touch          Hex            0%         N/A       69%         3
 Passage of Golubria      Tloc           8%         N/A       73%         4
 Dispel Undead            Necr           0%         3d6       97%         4


Dungeon Overview and Level Annotations

Branches:
Dungeon (2/15)

Altars:

Annotations:
D:1 1 runed translucent door
D:2 Natasha


Innate Abilities, Weirdness & Mutations

You cannot be hasted, slowed, berserked, paralysed or teleported.
You can dig through walls and to a lower floor.
You have a pair of large antennae on your head. (SInv)
Your four strong arms can wield two-handed weapons with a shield.


Message History

You closely miss Natasha.
Natasha is severely wounded.
Natasha mumbles some strange words.
The crimson imp blinks!
Your magical contamination has completely faded away.
Casting: Foxfire (safe; 16% risk of failure)
Confirm with . or Enter, or press ? or * to list all spells.
You miscast Foxfire.
You are very lightly contaminated with residual magic.
Nothing appears to happen.
Natasha claws you! The crimson imp puffs mist at you.
You hit Natasha.
Natasha is almost dead.
Natasha claws you but does no damage.
The crimson imp hits you but does no damage.
The crimson imp blinks!
You hit Natasha but do no damage.
Natasha is almost dead.
Natasha claws you but does no damage. The crimson imp hits you.
* * * LOW HITPOINT WARNING * * *
You hit Natasha but do no damage.
Natasha is almost dead.
Natasha casts a spell.
The crimson imp closely misses you.
You aren't carrying any items that you can evoke.
Okay, then.
You miss Natasha.
Natasha is almost dead.
Natasha claws you.
* * * LOW HITPOINT WARNING * * *
The crimson imp blinks!
The crimson imp completely misses you.
You barely miss Natasha.
Natasha is almost dead.
Natasha barely misses you. The crimson imp misses you.
The shadow imp shouts, "Escape, thou feckless dread-bolted surfacer!"
You hit Natasha but do no damage.
Natasha is almost dead.
Natasha mewls in sadness.
Natasha claws you.
You die...

#.# #... #.# ##.# #.
#.# ####.# #. ##.##
#..... #. #...#
##.##.# { .### #...#
##.....# { #..#
#...# #....... {
#..######5h.#####
#...###.
+..##.....@5.ยง..##
#.......
#................#
#....... { {
##..##............#
#.##.##.
##...#####...5#.##.#
#.##.##. #####....#
#....#.##.# #.......
.........#
#....#.##.# ####.###
##.###..##
#....#.##.######.#
##.###..#
#.#.##.##........#
........#
#...........####.#


You could see Natasha, 2 crimson imps and a shadow imp (summoned).

Vanquished Creatures
  An adder (D:2)
  A dart slug (D:1)
  3 bats
  5 endoplasms
  A giant cockroach (D:1)
  4 hobgoblins
  4 jackals (D:1)
  A kobold (D:2)
  A quokka (D:2)
  3 ball pythons
  A frilled lizard (D:1)
  3 goblins
  A rat (D:1)
29 creatures vanquished.

Vanquished Creatures (others)
  24 foxfires (D:2)
24 creatures vanquished.

Grand Total: 53 creatures vanquished

Notes
Turn   | Place    | Note
-------+----------+-------------------------------------------
     0 | D:1      | oldriver the Formicid Wanderer began the quest for the Orb.
     0 | D:1      | oldriver set off with the following items: a +0 dagger, a
                  | scroll of fear, a +0 leather armour, a +0 pair of gloves;
                  | and the following spells available to memorise:
                  | Apportation, Foxfire, Lesser Beckoning, Kindle Blastsparks,
                  | Passage of Golubria.
     0 | D:1      | Reached XP level 1. HP: 13/13 MP: 2/2
     2 | D:1      | Learned a level 1 spell: Foxfire
    13 | D:1      | Found a runed translucent door.
    15 | D:1      | Noticed a jelly
   235 | D:1      | Reached XP level 2. HP: 20/20 MP: 3/3
   369 | D:1      | Reached skill level 1 in Fighting
   463 | D:1      | Reached skill level 1 in Conjurations
   900 | D:1      | Reached XP level 3. HP: 26/26 MP: 4/4
  1685 | D:2      | Noticed Natasha
  1712 | D:2      | HP: 1/27 [Natasha (5)]
  1714 | D:2      | Slain by Natasha

Illustrated notes

Levels and vault maps discovered:
D:1:      dpeg_arrival_caged_fury, layout_basic
D:2:      layout_loops_cross, grunt_ministairs_7, uniq_natasha, uniq_terence

Skill      XL: |  1  2  3 |
---------------+----------+-----
Fighting       | 1 |  1.7
Conjurations   | 1 |  1.4
Fire Magic     | 2 |  2.0
Dodging        | |  2.6
Stealth        | |  1.2
Spellcasting   | |  1.1
Translocations | |  2.6
Evocations     | |  1.1

Action                   || total
-------------------------++-------
Melee: Dagger            ||   120
       Punch             ||     3
Throw: Boomerang         ||    27
 Cast: Foxfire           ||    16
  Use: Potion            ||     3
       Scroll            ||     1
Armor: Leather armour    ||    49
Dodge: Dodged            ||    81

Table legend: (Time is in decaauts)
 A = Elapsed time spent in this place.
 B = Non-inter-level travel time spent in this place.
 C = Inter-level travel time spent in this place.
 D = Time resting spent in this place.
 E = Time spent auto-exploring this place.
 F = Levels seen in this place.
 G = Mean time per level.
                   A        B        C        D        E       F      G
               +--------+--------+--------+--------+--------+-----+--------+
         Total |   1721 |   1689 |     32 |     98 |   1164 |   2 |  860.5 |
       Dungeon |   1721 |   1689 |     32 |     98 |   1164 |   2 |  860.5 |
               +--------+--------+--------+--------+--------+-----+--------+

Top non-repeatable levels by time:
     D:1: 1028 daAuts
     D:2: 693 daAuts
